 Dungeon Crawl Stone Soup version 0.19.5 (webtiles) character file.

299756 JeffiDaFish the Peltast (level 21, -16/140 HPs)
             Began as a Gargoyle Fighter on Aug 20, 2017.
             Was the Champion of Okawaru.
             Killed from afar by Mara (illusionary) (72 damage)
             ... with a bolt of fire
             ... on level 3 of the Vaults on Aug 24, 2017.
             The game lasted 02:02:33 (34612 turns).

JeffiDaFish the Peltast (Gargoyle Fighter)         Turns: 34612, Time: 02:02:34

Health: -16/140    AC: 59    Str: 31    XL:     21   Next: 0%
Magic:  24/29      EV: 19    Int: 13    God:    Okawaru [******]
Gold:   3209       SH: 27    Dex: 18    Spells: 0 memorised, 20 levels left

rFire  x . .     SeeInvis +     E - +8 morningstar of Lies {flame, rPois MR+ Str+2}
rCold  . . .     Gourm    .     b - +8 plate armour
rNeg   + + .     Faith    .     a - +0 large shield of Okawaru's Supremacy {Str+4 Stlth+}
rPois  ∞         Spirit   .     x - +2 helmet {SInv}
rElec  +         Reflect  .     p - +2 cloak {MR+}
rCorr  .         Harm     .     B - +0 pair of gloves
MR     ++++.                    e - +2 pair of boots
Stlth  ..........               t - amulet "Dexkizao" {rF- rN+ MR+ Regen+ Int+3}
                                L - +3 ring of strength
                                K - +2 ring of dexterity

@: heroism, finesse, flying
A: big wings, icy blue scales 1, negative energy resistance 1, electricity
resistance, unbreathing, petrification resistance, no device heal 1, rot
immunity, AC +15
a: Stop Flying, Heroism, Finesse, Renounce Religion
}: 2/15 runes: decaying, gossamer


You were on level 3 of the Vaults.
You worshipped Okawaru.
Okawaru was exalted by your worship.
You were not hungry.

You visited 6 branches of the dungeon, and saw 34 of its levels.
You also visited: Wizlab.

You collected 3838 gold pieces.
You spent 629 gold pieces at shops.

Inventory:

Hand Weapons
 E - the +8 morningstar of Lies (weapon) {flame, rPois MR+ Str+2}
   (Okawaru gifted it to you on level 1 of the Lair of Beasts)

   It has been specially enchanted to burn those struck by it, causing extra
   injury to most foes and up to half again as much damage against particularly
   susceptible opponents.
   It affects your strength (+2).
   It protects you from poison.
   It affects your resistance to hostile enchantments.
 O - a +6 demon whip of electrocution
Armour
 a - the +0 large shield of Okawaru's Supremacy (worn) {Str+4 Stlth+}
   (Okawaru gifted it to you on level 2 of the Lair of Beasts)

   It affects your strength (+4).
   It makes you more stealthy.
 b - a +8 plate armour (worn)
 e - a +2 pair of boots (worn)
 p - a +2 cloak of magic resistance (worn)
 x - a +2 helmet of see invisible (worn)
 B - a +0 pair of gloves (worn)
Jewellery
 t - the amulet "Dexkizao" (around neck) {rF- rN+ MR+ Regen+ Int+3}
   (You found it on level 8 of the Dungeon)

   [amulet of regeneration]

   It affects your intelligence (+3).
   It makes you vulnerable to fire.
   It protects you from negative energy.
   It affects your resistance to hostile enchantments.
   It increases your rate of regeneration.
 u - the ring "Lonir" {rC+ rN+ Stlth+}
   (You found it on level 1 of the Vaults)

   [ring of positive energy]

   It protects you from cold.
   It protects you from negative energy.
   It makes you more stealthy.
 w - an uncursed ring of protection from fire
 z - an uncursed amulet of harm {unknown}
 K - a +2 ring of dexterity (left hand)
 L - a +3 ring of strength (right hand)
Wands
 c - a wand of hasting (5/9)
Scrolls
 i - 3 scrolls of identify
 m - 2 scrolls of magic mapping
 o - 10 scrolls of remove curse
 v - 3 scrolls of blinking
 y - 3 scrolls of fear
 D - 3 scrolls of fog
 I - a scroll of holy word
 P - a scroll of recharging
Potions
 d - 5 potions of might
 j - 7 potions of haste
 l - 2 potions of invisibility
 r - 4 potions of agility
 A - 4 potions of curing
 C - a potion of cancellation
 F - 2 potions of cure mutation
 G - a potion of ambrosia
 H - 3 potions of resistance
 M - a potion of berserk rage
Books
 N - a book of the Tempests

   Spells                             Type                      Level
   a - Static Discharge               Conjuration/Air              3
   b - Lightning Bolt                 Conjuration/Air              5
   c - Fireball                       Conjuration/Fire             5
   d - Tornado                        Air                          9
   e - Shatter                        Earth                        9
Comestibles
 f - 9 bread rations
 g - 18 meat rations
 h - 15 slices of pizza
 k - 11 beef jerkies
 n - 2 royal jellies
 q - 33 fruits
 J - 21 chunks of flesh


   Skills:
 * Level 17.4(22.4) Fighting
 * Level 17.3(22.3) Maces & Flails
 * Level 17.1(22.1) Armour
 + Level 9.8(14.8) Dodging
 - Level 1.2(6.2) Stealth
 * Level 18.9(23.9) Shields
 + Level 11.9 Invocations


You had 20 spell levels left.
You didn't know any spells.

Dungeon Overview and Level Annotations

Branches:
Dungeon (15/15)            Temple (0/1) D:6            Lair (6/6) D:10
  Swamp (4/4) Lair:2       Spider (4/4) Lair:2        Slime (0/5) Lair:6
    Orc (2/2) D:12            Elf (0/3) Orc:2        Vaults (3/5) D:14
  Crypt (0/3) Vaults:2     Depths (0/5) D:15

Altars:
Cheibriados
Dithmenos
Fedhas
Hepliaklqana
Okawaru
Trog
Uskayaw
Vehumet
Zin

Shops:
Orc:1 %   Orc:2 ?}?(??[?   Vaults:2 %   Vaults:3 [*

Portals:
Pandemonium: Orc:2
Trove: Vaults:1 (show abyssal rune of Zot)

Annotations:
Lair:6 exclusion: 3 oklob plants
Vaults:3 Mara


Innate Abilities, Weirdness & Mutations

You are resistant to torment.
Your stone body is resilient. (AC +15)
You are immune to poison.
Your large and strong wings let you fly indefinitely.
You resist negative energy. (rN+)
You are resistant to electric shocks. (rElec)
You can survive without breathing.
You are immune to petrification.
You are immune to rotting.
You are partially covered in icy blue scales. (AC +2)
Potions and wands are less effective at restoring your health.


Message History

You feel much better.
Mara hits you from afar with a demon trident of draining!!
You block Mara's attack. Mara completely misses you. You block Mara's attack.
You bludgeon Mara!! You burn Mara.
Mara is heavily wounded.
You closely miss Mara.
Mara is heavily wounded.
You spit Mara like a pig!!! You burn Mara.
Mara is severely wounded.
Mara hits you but does no damage. You block Mara's attack. x2
You closely miss Mara.
Mara is severely wounded.
You puncture Mara!
Mara is almost dead.
You hit Mara.
Mara is almost dead.
Mara gestures at you. The bolt of fire hits you! The fire burns you terribly!
Ouch! That really hurt!
You die...

...............
..................
....................
....................#
...................+
#.................#
#.................#
#.......R.........#
#.......R@........#
#.......R.........#
#..........)))....#
#..........).)....#
#...#########†....#
#...#.......#.....#
#...#.......#.....#
#...#.......#^....########
#...#.......#.....#.......


You could see 3 Maras.

Vanquished Creatures
  Arachne (Spider:4)
  A lich (Vaults:3)
  Frances (Swamp:2)
  A sphinx (Vaults:2)
  Agnes (Spider:1)
  Donald (Swamp:2)
  2 thorn hunters
  The ghost of JeffiDaFish the Warrior, an adept GrFi of Okawaru (Spider:4)
  A deep elf sorcerer (Vaults:1)
  2 azure jellies (Swamp:4)
  An orc warlord (Orc:1)
  Louise (D:15)
  8 ghost moths
  11 vault wardens
  5 emperor scorpions (Spider:4)
  11 ironheart preservers
  3 very ugly things
  2 stone giants
  5 entropy weavers
  Nessos (D:12)
  2 deep elf annihilators (Vaults:1)
  3 deep elf demonologists (Vaults:1)
  A dire elephant (Lair:6)
  8 purple draconians (WizLab)
  3 spark wasps
  9 statues (WizLab)
  An ettin (D:15)
  2 deep elf death magi
  Snorg (D:11)
  A yaktaur captain (Vaults:2)
  3 ice dragons
  Josephine (Lair:6)
  A great orb of eyes (Vaults:1)
  19 vault guards
  2 fire dragons
  2 rakshasas
  12 hydras
  A catoblepas (Lair:6)
  2 ghost crabs (Swamp:2)
  8 centaur warriors
  7 ogre magi
  2 alligators
  2 dancing weapons (D:14)
  Fannar (Lair:2)
  2 death knights
  16 death yaks
  A deep troll shaman (Lair:6)
  The ghost of Lilxick the Blocker, a novice DDFi of Hepliaklqana (Lair:3)
  A tengu warrior (D:15)
  A queen ant (Lair:2)
  7 orc high priests (Orc:2)
  A deep elf knight (Vaults:1)
  2 spriggans
  A soul eater (Orc:2)
  2 skeletal warriors (Vaults:2)
  An unseen horror (D:12)
  3 flayed ghosts
  3 infernal demonspawn (Orc:2)
  3 glowing orange brains (Vaults:2)
  A wizard (Vaults:1)
  A spriggan druid (Swamp:4)
  7 hill giants
  2 swamp dragons
  A phantasmal warrior (D:14)
  14 orc knights
  2 necromancers
  12 ironbrand convokers
  A shambling mangrove (Swamp:3)
  9 wolf spider zombies (Spider:1)
  23 orb spiders
  40 ugly things
  35 wolf spiders
  9 cyclopes
  26 deep elf magi
  A manticore (D:12)
  9 orc sorcerers
  A moth of wrath (Spider:4)
  4 black mambas
  9 elephants
  2 spiny frogs (shapeshifter)
  7 vault sentinels
  A torpor snail (Spider:3)
  18 spiny frogs
  2 gargoyles
  2 centaur skeletons
  2 kobold demonologists (D:15)
  A yaktaur (shapeshifter) (Vaults:3)
  27 yaktaurs
  4 rime drakes
  8 demonic crawlers
  11 redback zombies (Spider:1)
  7 freezing wraiths
  3 komodo dragons
  A hellwing (Orc:2)
  An ice devil (Orc:2)
  28 jumping spiders
  9 hornets
  4 trolls
  13 two-headed ogres
  11 tyrant leeches
  2 dream sheep (D:10)
  13 slime creatures
  5 blink frogs
  4 bog bodies
  8 hippogriffs
  A human simulacrum (Vaults:1)
  12 tarantella zombies (Spider:1)
  A hippogriff (shapeshifter) (D:14)
  61 redbacks
  3 shadows
  9 wraiths
  2 ynoxinuls (Orc:2)
  27 tarantellas
  2 vampires
  2 wyverns
  3 basilisks
  24 yaks
  A basilisk (shapeshifter) (Vaults:2)
  13 vampire mosquitoes
  A hog (shapeshifter) (D:14)
  2 hungry ghosts (D:12)
  A neqoxec (Orc:2)
  A steam dragon (D:9)
  A chaos spawn (Orc:2)
  3 swamp worm simulacra (Swamp:4)
  2 wargs (Orc:1)
  18 swamp worms
  21 insubstantial wisps
  A soldier ant (shapeshifter) (Vaults:2)
  10 soldier ants
  3 mottled dragons
  13 hydra simulacra (Swamp:4)
  21 water moccasins
  11 porcupines
  2 swamp drakes
  48 orc warriors
  5 sky beasts
  2 black bears
  2 eyes of draining
  A necrophage (D:11)
  10 wolves
  5 boggarts (Vaults:1)
  4 ice beasts
  35 ogres
  3 phantoms
  14 centaurs
  8 crocodiles
  6 big kobolds
  16 bullfrogs
  4 earth elementals (Spider:3)
  A wyvern skeleton (D:9)
  5 scorpions
  6 killer bees (D:9)
  6 wights
  A howler monkey (D:5)
  11 crimson imps
  3 centaur zombies
  2 bullfrog zombies
  A quasit (D:5)
  10 hounds
  A hound (shapeshifter) (Vaults:1)
  3 jellies
  Crazy Yiuf (D:3)
  31 orc priests
  17 orc wizards
  A gnoll shaman (D:6)
  7 iguanas
  A bullfrog skeleton (D:12)
  36 worker ants
  Ijyb (D:2)
  A hound skeleton (D:7)
  A howler monkey zombie (D:7)
  A worker ant zombie (D:7)
  11 gnolls
  A howler monkey skeleton (D:5)
  20 adders
  4 shadow imps
  5 swamp drake simulacra (Swamp:4)
  3 adder skeletons
  2 worms
  2 dart slugs
  4 leopard geckos
  115 orcs
  11 bats
  7 giant cockroaches
  17 goblins
  9 hobgoblins
  9 jackals
  13 kobolds
  10 quokkas
  A ball python (D:2)
  5 frilled lizards
  A quokka skeleton (D:4)
  9 rats
  2 briar patches (Swamp:3)
  2 fungi (D:3)
  A plant (D:10)
1447 creatures vanquished.

Vanquished Creatures (others)
  A demonic crawler (Spider:3)
  A jumping spider (Spider:4)
  2 tarantellas
  A centaur (Vaults:1)
  An orc (Vaults:3)
  2 briar patches (Swamp:3)
  2 fungi
  A plant (Lair:4)
11 creatures vanquished.

Grand Total: 1458 creatures vanquished

Notes
Turn   | Place    | Note
-------+----------+-------------------------------------------
     0 | D:1      | JeffiDaFish the Gargoyle Fighter began the quest for the Orb.
     0 | D:1      | Reached XP level 1. HP: 14/14 MP: 1/1
   266 | D:1      | Reached XP level 2. HP: 16/19 MP: 2/2
   460 | D:1      | Reached XP level 3. HP: 23/23 MP: 3/3
   722 | D:1      | Reached skill level 4 in Shields
   985 | D:2      | Noticed Ijyb
   999 | D:2      | Killed Ijyb
   999 | D:2      | Reached XP level 4. HP: 24/28 MP: 4/4
  1021 | D:2      | Found a faded altar of an unknown god.
  1064 | D:2      | Reached skill level 1 in Dodging
  1498 | D:2      | Reached XP level 5. HP: 32/32 MP: 5/5
  1655 | D:3      | Found a bloodstained altar of Trog.
  1694 | D:3      | Found an iron altar of Okawaru.
  1729 | D:3      | Became a worshipper of Warmaster Okawaru
  1875 | D:3      | Found a runed door.
  1879 | D:3      | Noticed Crazy Yiuf
  1887 | D:3      | Killed Crazy Yiuf
  2163 | D:3      | Found a faded altar of an unknown god.
  2163 | D:3      | Found a glowing silver altar of Zin.
  2168 | D:3      | Found a faded altar of an unknown god.
  2170 | D:3      | Found a faded altar of an unknown god.
  2171 | D:3      | Found a faded altar of an unknown god.
  2302 | D:3      | Found a shadowy altar of Dithmenos.
  2311 | D:3      | Reached XP level 6. HP: 37/37 MP: 6/6
  2387 | D:3      | Reached skill level 5 in Shields
  2917 | D:4      | Reached * piety under Okawaru
  2945 | D:4      | Reached XP level 7. HP: 39/41 MP: 7/7
  3378 | D:4      | Reached skill level 6 in Shields
  3491 | D:4      | Reached skill level 5 in Maces & Flails
  3723 | D:5      | Entered Level 5 of the Dungeon
  3789 | D:5      | Reached XP level 8. HP: 30/48 MP: 8/8
  4315 | D:5      | Reached skill level 1 in Stealth
  4315 | D:5      | Reached skill level 7 in Shields
  4374 | D:5      | Reached ** piety under Okawaru
  4511 | D:6      | Reached skill level 5 in Armour
  4969 | D:6      | Reached skill level 5 in Fighting
  5192 | D:6      | Reached skill level 8 in Shields
  5192 | D:6      | Reached XP level 9. HP: 51/54 MP: 9/9
  5238 | D:6      | Found a staircase to the Ecumenical Temple.
  5468 | D:6      | Reached *** piety under Okawaru
  6041 | D:7      | Reached skill level 9 in Shields
  6506 | D:7      | Reached **** piety under Okawaru
  6597 | D:7      | Reached XP level 10. HP: 60/60 MP: 10/10
  6941 | D:8      | Got a slimy emerald amulet
  6942 | D:8      | Identified the amulet "Dexkizao" {rF- rN+ MR+ Regen+ Int+3} (You found it on level 8 of the Dungeon)
  7110 | D:8      | Reached skill level 10 in Shields
  7140 | D:8      | Found a snail-covered altar of Cheibriados.
  7401 | D:8      | Found a radiant altar of Vehumet.
  7674 | D:9      | Reached ***** piety under Okawaru
  7735 | D:9      | Identified Ebuqesk's Guide on the Lethal Arsonist
  7872 | D:9      | Found a blossoming altar of Fedhas.
  7893 | D:9      | Found a hazy altar of Hepliaklqana.
  8093 | D:9      | Noticed a hand axe
  8098 | D:9      | Noticed a hand axe
  8101 | D:9      | Found a hide-covered altar of Uskayaw.
  8299 | D:9      | Reached skill level 11 in Shields
  8591 | D:10     | Entered Level 10 of the Dungeon
  8639 | D:10     | Reached XP level 11. HP: 64/67 MP: 11/11
  8666 | D:10     | Reached skill level 10 in Maces & Flails
  8856 | D:10     | Found a staircase to the Lair.
  9105 | D:10     | Received a gift from Okawaru
  9370 | D:10     | Noticed a three-headed hydra
  9389 | D:10     | Killed a three-headed hydra
  9389 | D:10     | Reached ****** piety under Okawaru
  9389 | D:10     | Reached skill level 12 in Shields
  9596 | D:10     | Gained mutation: Your body sometimes deteriorates upon taking damage. [potion of mutation]
  9596 | D:10     | Gained mutation: You are partially covered in thin metallic scales. (AC +2) [potion of mutation]
  9596 | D:10     | Gained mutation: You are partially covered in icy blue scales. (AC +2) [potion of mutation]
  9848 | Lair:1   | Entered Level 1 of the Lair of Beasts
 10330 | Lair:1   | Lost mutation: You are partially covered in thin metallic scales. (AC +2) [potion of cure mutation]
 10330 | Lair:1   | Lost mutation: Your body sometimes deteriorates upon taking damage. [potion of cure mutation]
 10596 | Lair:2   | Noticed a death yak
 10596 | Lair:2   | Noticed a death yak
 10598 | Lair:2   | Noticed a death yak
 10599 | Lair:2   | Noticed a death yak
 10600 | Lair:2   | Noticed a death yak
 10660 | Lair:1   | Killed a death yak
 10905 | Lair:1   | Killed a death yak
 10905 | Lair:1   | Received a gift from Okawaru
 10905 | Lair:1   | Reached skill level 1 in Invocations
 10905 | Lair:1   | Reached XP level 12. HP: 57/75 MP: 10/12
 10908 | Lair:1   | Got a steaming morningstar {god gift}
 10909 | Lair:1   | Identified the +8 morningstar of Lies {flame, rPois MR+ Str+2} (Okawaru gifted it to you on level 1 of the Lair of Beasts)
 10936 | Lair:1   | Killed a death yak
 10941 | Lair:1   | Killed a death yak
 10993 | Lair:2   | Killed a death yak
 11164 | Lair:2   | Noticed Fannar
 11215 | Lair:2   | Killed Fannar
 11308 | Lair:2   | Found a staircase to the Swamp.
 11383 | Lair:2   | Found a hole to the Spider Nest.
 11726 | Lair:2   | Received a gift from Okawaru
 11729 | Lair:2   | Got a brightly glowing large shield {god gift}
 11740 | Lair:2   | Identified the +0 large shield of Okawaru's Supremacy {Str+4 Stlth+} (Okawaru gifted it to you on level 2 of the Lair of Beasts)
 11938 | Lair:2   | Noticed a queen ant
 11947 | Lair:2   | Killed a queen ant
 11947 | Lair:2   | Reached skill level 13 in Shields
 12178 | Lair:3   | Noticed Lilxick's ghost (novice DDFi)
 12191 | Lair:3   | Killed Lilxick's ghost
 12493 | Lair:3   | Reached XP level 13. HP: 82/82 MP: 15/15
 12665 | Lair:4   | Reached skill level 10 in Fighting
 13582 | Lair:5   | Received a gift from Okawaru
 13840 | Lair:5   | Reached skill level 10 in Armour
 14178 | Lair:6   | Entered Level 6 of the Lair of Beasts
 14182 | Lair:6   | Noticed Josephine
 14197 | Lair:6   | Killed Josephine
 14296 | Lair:6   | Received a gift from Okawaru
 14308 | Lair:6   | Reached skill level 5 in Dodging
 14313 | Lair:6   | Reached skill level 14 in Shields
 14491 | Lair:6   | Reached skill level 5 in Invocations
 14491 | Lair:6   | Gained mutation: Your large and strong wings let you fly indefinitely. [Gargoyle growth]
 14491 | Lair:6   | Reached XP level 14. HP: 90/90 MP: 17/17
 14808 | Lair:6   | Identified the Incunabulum of Evil and Hexes
 14824 | Lair:6   | Found a staircase to the Slime Pits.
 15028 | Lair:6   | Noticed a dire elephant
 15045 | Lair:6   | Killed a dire elephant
 15266 | D:11     | Noticed Snorg
 15275 | D:11     | Killed Snorg
 16416 | D:12     | Found a staircase to the Orcish Mines.
 16452 | D:12     | Received a gift from Okawaru
 16654 | D:12     | Noticed Nessos
 16675 | D:12     | Killed Nessos
 17043 | D:13     | Received a gift from Okawaru
 17731 | D:14     | Reached XP level 15. HP: 91/96 MP: 19/19
 17925 | D:14     | Found a gate to the Vaults.
 18058 | D:14     | Found a glowing silver altar of Zin.
 18058 | D:14     | Noticed an angel
 18383 | D:15     | Entered Level 15 of the Dungeon
 18383 | D:15     | Noticed Louise
 18396 | D:15     | Killed Louise
 18396 | D:15     | Reached skill level 15 in Shields
 18731 | D:15     | Found a blossoming altar of Fedhas.
 18850 | D:15     | Received a gift from Okawaru
 18905 | D:15     | Found a staircase to the Depths.
 19264 | Orc:1    | Entered Level 1 of the Orcish Mines
 19457 | Orc:1    | Noticed an orc warlord
 19466 | Orc:1    | Found Joghun's Food Shop.
 19505 | Orc:1    | Killed an orc warlord
 19847 | Orc:2    | Entered Level 2 of the Orcish Mines
 19849 | Orc:2    | Found a staircase to the Elven Halls.
 19850 | Orc:2    | Found Geeherghate's Magic Scroll Boutique.
 19855 | Orc:2    | Bought a scroll of enchant armour for 120 gold pieces
 20147 | Orc:2    | Found Gerchovi's Magic Scroll Shop.
 20193 | Orc:2    | Found Yqinifiw's Armour Boutique.
 20262 | Orc:2    | Found Rupem's Magic Scroll Boutique.
 20263 | Orc:2    | Gained mutation: Potions and wands are less effective at restoring your health. [a neqoxec]
 20264 | Orc:2    | Found Qemupp's Magic Scroll Shop.
 20283 | Orc:2    | Received a gift from Okawaru
 20443 | Orc:2    | Bought a scroll of enchant armour for 120 gold pieces
 20446 | Orc:2    | Bought a scroll of enchant armour for 120 gold pieces
 20642 | Orc:2    | Found Emakhlahi's Magic Scroll Boutique.
 20661 | Orc:2    | Bought a scroll of enchant armour for 112 gold pieces
 21015 | Orc:2    | Reached XP level 16. HP: 104/104 MP: 21/21
 21088 | Orc:2    | Found Cudonair's Antique Weapon Shoppe.
 21088 | Orc:2    | Found Wiam Teo's Gadget Emporium.
 21088 | Orc:2    | Found a one-way gate leading to the halls of Pandemonium.
 21421 | Swamp:1  | Entered Level 1 of the Swamp
 21422 | Swamp:1  | Noticed a thorn hunter
 21433 | Swamp:1  | Killed a thorn hunter
 22053 | Swamp:2  | Noticed Frances
 22066 | Swamp:2  | Killed Frances
 22178 | Swamp:2  | Noticed Donald
 22195 | Swamp:2  | Killed Donald
 22697 | Swamp:3  | Noticed a thorn hunter
 22722 | Swamp:3  | Received a gift from Okawaru
 23045 | Swamp:3  | Killed a thorn hunter
 23301 | Swamp:4  | Entered Level 4 of the Swamp
 23381 | Swamp:4  | Reached skill level 16 in Shields
 23732 | Swamp:4  | Received a gift from Okawaru
 23744 | Swamp:4  | Noticed an azure jelly
 23755 | Swamp:4  | Killed an azure jelly
 23810 | Swamp:4  | Noticed an azure jelly
 24097 | Swamp:4  | Killed an azure jelly
 24410 | Swamp:4  | Got a decaying rune of Zot
 24764 | Spider:1 | Entered Level 1 of the Spider Nest
 24779 | Spider:1 | Received a gift from Okawaru
 24796 | Spider:1 | Reached XP level 17. HP: 111/111 MP: 23/23
 24842 | Spider:1 | Reached skill level 15 in Maces & Flails
 25305 | Spider:1 | Received a gift from Okawaru
 25617 | Spider:1 | Noticed Agnes
 25631 | Spider:1 | Killed Agnes
 26798 | Spider:3 | Reached skill level 15 in Fighting
 26884 | Spider:3 | Received a gift from Okawaru
 27109 | Spider:4 | Entered Level 4 of the Spider Nest
 27122 | Spider:4 | Reached XP level 18. HP: 105/119 MP: 0/25
 27177 | Spider:4 | Noticed JeffiDaFish's ghost (adept GrFi)
 27199 | Spider:4 | Noticed Arachne
 27232 | Spider:4 | Killed JeffiDaFish's ghost
 27516 | Spider:3 | Reached skill level 17 in Shields
 27636 | Spider:4 | Killed Arachne
 27706 | Spider:4 | Reached skill level 15 in Armour
 28375 | Spider:4 | Reached skill level 10 in Invocations
 28432 | Spider:4 | Received a gift from Okawaru
 29008 | Spider:4 | Got a gossamer rune of Zot
 29446 | Vaults:1 | Entered Level 1 of the Vaults
 29517 | Vaults:1 | Noticed a Brimstone Fiend
 29806 | Vaults:1 | Received a gift from Okawaru
 29826 | Vaults:1 | Reached XP level 19. HP: 123/125 MP: 26/26
 30419 | Vaults:1 | Got a warped ivory ring
 30420 | Vaults:1 | Identified the ring "Lonir" {rC+ rN+ Stlth+} (You found it on level 1 of the Vaults)
 30814 | Vaults:1 | Found a portal to a secret trove of treasure.
 30992 | Vaults:1 | Reached skill level 18 in Shields
 31111 | Vaults:1 | Received a gift from Okawaru
 31480 | Vaults:2 | Found Faisyph's Food Shop.
 31748 | Vaults:2 | Found a magical portal.
 31757 | WizLab   | Entered Iskenderun's Mystic Tower
 31793 | WizLab   | Received a gift from Okawaru
 31824 | WizLab   | Reached XP level 20. HP: 122/132 MP: 23/28
 32257 | WizLab   | Identified Sif Muna's Collected Works on Enchantment
 32273 | WizLab   | Identified Iskenderun's Collected Works on Confrontation
 32273 | WizLab   | Identified Iskenderun's Almanac of Arcane Weapons
 32804 | Vaults:2 | Received a gift from Okawaru
 33645 | Vaults:2 | Received a gift from Okawaru
 33804 | Vaults:2 | Received a gift from Okawaru
 33986 | Vaults:2 | Found a staircase to the Crypt.
 34105 | Vaults:2 | Identified Tebyex's Thaumaturgy, Part One
 34281 | Vaults:3 | Found Igygg's Antique Armour Boutique.
 34324 | Vaults:3 | Bought a runed cloak for 157 gold pieces
 34463 | Vaults:3 | Found Uxorir's General Store.
 34492 | Vaults:3 | Noticed a lich
 34498 | Vaults:3 | Killed a lich
 34498 | Vaults:3 | Reached XP level 21. HP: 132/140 MP: 29/29
 34591 | Vaults:3 | Noticed Mara
 34612 | Vaults:3 | Killed from afar by Mara (illusionary)

Skill      XL: |  1  2  3  4  5  6  7  8  9 10 11 12 13 14 15 16 17 18 19 20 |
---------------+-------------------------------------------------------------+-----
Shields        | 4 5 6 8 9 11 12 13 14 15 16 17 18 | 18.9
Dodging        | 1 2 3 5 6 7 8 9 |  9.8
Maces & Flails | 3 4 5 7 8 9 11 12 13 14 15 16 17 | 17.3
Armour         | 4 5 6 7 8 9 10 11 12 13 14 15 16 17 | 17.1
Fighting       | 4 5 6 7 8 9 11 12 13 14 15 16 17 | 17.4
Stealth        | 1 |  1.2
Invocations    | 1 3 5 6 7 8 9 10 11 | 11.9

Action                   |  1- 3 |  4- 6 |  7- 9 | 10-12 | 13-15 | 16-18 | 19-21 || total
-------------------------+-------+-------+-------+-------+-------+-------+-------++-------
Melee: Flail             |   142 |   379 |   488 |       |       |       |       ||  1009
       Whip              |       |       |   205 |  1020 |       |       |       ||  1225
       Morningstar       |       |       |       |   296 |  1272 |  1802 |  1379 ||  4749
Invok: Heroism           |       |       |       |     2 |     2 |     2 |     1 ||     7
       Finesse           |       |       |       |     2 |    19 |    13 |    10 ||    44
 Abil: Fly               |       |       |       |       |     1 |       |       ||     1
  Use: Scroll            |     1 |     3 |     9 |     8 |    18 |    20 |     4 ||    63
       Potion            |       |     7 |     3 |     4 |     2 |    15 |     4 ||    35
  Eat: Chunk             |       |     8 |    13 |    21 |    29 |    30 |    17 ||   118
Armor: Scale mail        |    84 |       |       |       |       |       |       ||    84
       Chain mail        |    36 |    67 |       |       |       |       |       ||   103
       Plate armour      |       |   279 |   495 |   557 |   420 |   952 |   256 ||  2959
Dodge: Dodged            |    54 |    87 |   123 |   187 |   204 |   481 |   195 ||  1331
Block: Shield            |   108 |   269 |   405 |   512 |       |       |       ||  1294
       Large shield      |       |       |       |   172 |  1077 |  2030 |   909 ||  4188
